Map: Proxima Station LE

Players

Zanster

  • Race: Zerg Zerg
  • Spawn Location: 7:00

Sluskis - Winner!

  • Race: Zerg Zerg
  • Spawn Location: 1:00

Event: WCS Jonkoping 2017

VOD

Have the link to the VOD?

Description

Time

  • Played on: June 17, 2017, 11:08 a.m.
  • Length: 4:26

All games in this series

Show
View Real Time Build Order
Export as new Build Order

Zanster Zerg 

Build Orders: Hatch First 

Get SALT Encoding   

  12  0:00  Drone  
  13  0:12  Overlord  
  13  0:17  Drone  
  14  0:30  Drone x2  
  14  0:35  Drone  
  17  0:54  Hatchery  
  17  0:55  Drone  
  17  0:58  Drone  
  18  1:12  Spawning Pool  
  18  1:14  Drone  
  18  1:18  Drone  
  19  1:27  Drone  
  20  1:40  Hatchery  
  20  1:42  Drone  
  20  1:50  Drone  
  21  2:00  Drone  
  22  2:05  Queen  
  22  2:06  Queen  
  26  2:12  Drone  
  26  2:14  Zergling x2  
  28  2:18  Overlord  
  28  2:22  Extractor  
  28  2:23  Drone  
  28  2:39  Drone  
  28  2:40  Queen, Drone x2  
  33  2:45  Queen  
  33  2:48  Overlord  
  35  2:54  Drone  
  35  2:57  Evolution Chamber  
  35  3:06  Evolution Chamber  
  35  3:12  Zergling x4  
  34  3:13  Zergling x6  
  34  3:16  Zergling x2  
  33  3:21  Zergling x2  
  33  3:25  Zergling x2  
  33  3:26  Zergling x4  
  34  3:30  Zergling x2  
  34  3:32  Zergling x2  
  33  3:35  Zergling x2  
  33  3:37  Zergling x2  
  31  3:44  Zergling x4  
  31  3:47  Zergling x2  
  30  3:50  Zergling x2  
  30  3:53  Zergling x2  
  30  3:56  Zergling x2  
  30  4:00  Zergling x2  
  30  4:01  Zergling x2  
  31  4:04  Zergling x2  
Show
View Real Time Build Order
Export as new Build Order

Sluskis Zerg - Winner!

Build Orders: Hatch First 

Get SALT Encoding   

  12  0:00  Drone  
  13  0:08  Drone  
  14  0:15  Extractor  
  14  0:16  Drone  
  15  0:40  Hatchery  
  14  0:47  Extractor, Drone  
  14  1:01  Spawning Pool  
  14  1:04  Drone  
  14  1:11  Overlord  
  14  1:50  Metabolic Boost  
  14  1:51  Queen  
  14  1:52  Zergling x6  
  19  1:55  Zergling x2  
  20  2:03  Zergling x2  
  21  2:19  Zergling x4  
  21  2:21  Zergling x2  
  24  2:34  Zergling x4  
  26  2:48  Overlord  
  26  2:49  Zergling x4  
  26  3:14  Zergling x8  
  26  3:15  Zergling x6  
  31  3:38  Zergling x2  
  31  3:39  Zergling x10  
  30  3:59  Zergling x4  
  30  4:00  Zergling x2  
  30  4:24  Baneling Nest  
Tags
 
Add a new tag
Caveats
  • Supply blocks, unpowered buildings, or Contaminate may cause inaccurate times.
  • Supply counts are checked every 10 seconds.